Description

The best way to beat protoss players. You need a good micro, and a lot of hate against protoss, thats the only way to make it work right. Basically you are gonna do: reaper harras cyclone harras banshee harras liberator harras and beat the toss around min 7 with banshee, marauder, tank, cyclone and all your focused hate.

VOD

http://lotv.spawningtool.com/10178/

Replay - La Valkyria

Build Order

Get SALT Encoding   

Spawning Tool Build Advisor. Get it on Overwolf

Analysis

14 0:18 Supply Depot
15 0:32 Refinery
15 0:42 Barracks
16 0:55 Supply Depot
17 1:06 Refinery
19 1:33 Orbital Command
19 1:36 Reaper
19 1:44 Factory
20 2:12 Barracks Tech Lab
21 2:28 Engineering Bay
21 2:32 Starport
21 2:43 Cyclone
25 2:45 Barracks Tech Lab
27 3:29 Barracks Tech Lab
27 3:32 Missile Turret
27 3:35 Missile Turret
27 3:36 Cloaking Field
27 3:37 Command Center
27 3:41 Banshee
30 3:48 Supply Depot
30 4:08 Liberator
30 4:22 Marauder
30 4:23 Cyclone
38 4:34 Missile Turret
39 4:48 Marauder
39 4:50 Refinery
41 4:54 Supply Depot
41 4:56 Missile Turret
41 5:01 Supply Depot
42 5:18 Missile Turret
42 5:27 Marauder
42 5:28 Siege Tank
47 5:48 Marauder
49 6:02 Banshee, Siege Tank
55 6:10 Marauder
54 6:43 Marauder, Siege Tank
61 6:51 Refinery
60 7:04 Marauder
60 7:15 Medivac
61 7:16 Siege Tank
64 7:26 Marauder
66 7:45 Medivac
66 7:47 Marauder
66 7:48 Siege Tank

Go to:

Details

  • Created by: KarmaDealer
  • Published on: Jan 22, 2016
  • Modified on: Jan 22, 2016
  • Patch: Pre-3.8.0
Show
View Real Time Build Order
Export as new Build Order

Comments (1)

On Jan. 23, 2016, 3:01 p.m., StoicLoofah  said:

I saw you copied the build order into the analysis section (presumably from the replay). In the future, you can use the "Export Build Order' button on the replay to actually get the steps into the build order part. It's mostly hel;pful because then other users can get a SALT encoding out of it and see related builds.

If you would like, I can run code ont he backend to copy all of the steps in. Just let me know

Create an account to comment!